 Dungeon Crawl Stone Soup version 0.30-a0-1112-gfb780f5df6 (webtiles) character file.

Game seed: 1215592000054512237

147 Juicyj the Covered (level 5, -4/47 HPs)
             Began as a Minotaur Fighter on Apr 19, 2023.
             Constricted to death by Natasha (5 damage)
             ... on level 2 of the Dungeon.
             The game lasted 00:02:02 (1195 turns).

Juicyj the Covered (Minotaur Fighter)               Turns: 1195, Time: 00:02:03

Health: -4/47      AC:  7    Str: 22    XL:     5   Next: 8%
Magic:  4/4        EV:  6    Int:  5    God:
Gold:   79         SH:  4    Dex: 10    Spells: 4/4 levels left

rFire   . . .      SeeInvis .    a - +0 war axe
rCold   . . .      Faith    .    c - +0 buckler
rNeg    . . .      Spirit   .    b - +0 scale mail
rPois   .          Reflect  .    (helmet restricted)
rElec   .          Rampage  .    (no cloak)
rCorr   .                        (no gloves)
Will    .....                    (no boots) Stlth
                                 (no amulet)
HPRegen 0.27/turn                (no ring)
MPRegen 0.09/turn                (no ring)

@: grasped by roots, constricted
A: horns 2, retaliatory headbutt
a: no special abilities


You were on level 2 of the Dungeon.
You visited 1 branch of the dungeon, and saw 2 of its levels.

You collected 79 gold pieces.

Inventory:

Hand Weapons
 a - a +0 war axe (weapon)
Armour
 b - a +0 scale mail (worn)
 c - a +0 buckler (worn)
Jewellery
 f - a ring of positive energy
Scrolls
 e - 3 scrolls of identify {unknown}
Potions
 d - a potion of might
 g - a potion of berserk rage {unknown}
 h - a potion of resistance {unknown}
 i - a potion of magic {unknown}


   Skills:
 + Level 4.6 Fighting
 + Level 3.7 Axes
 + Level 4.7 Armour
 + Level 4.7 Shields


You had 4 spell levels left.
You didn't know any spells.
Your spell library was empty.

Dungeon Overview and Level Annotations

Branches:
Dungeon (2/15)

Altars:

Annotations:
D:2 Natasha


Innate Abilities, Weirdness & Mutations

You have a pair of horns on your head.
You reflexively headbutt those who attack you in melee.


Message History

You headbutt the quokka. You slash the rat!
You kill the rat!
You barely miss the quokka.
You feel sick.
The quokka bites you but does no damage.
The quokka closely misses you.
You feel sick.
You are no longer poisoned.
The quokka closely misses you. The quokka closely misses you.
The quokka bites you.
* * * LOW HITPOINT WARNING * * *
You hit the quokka.
You kill the quokka!
You closely miss the quokka. You block the quokka's attack.
The quokka completely misses you. You furiously retaliate!
You headbutt the quokka.
You kill the quokka!
An endoplasm comes into view.
The endoplasm quivers.
You are too injured to fight recklessly!
Natasha, Servant of Life and Death comes into view.
She is carrying a wand of roots (4).
The endoplasm barely misses you. You furiously retaliate!
You headbutt the endoplasm. You hit the endoplasm.
You kill the endoplasm!
Natasha stares at you and mumbles some strange words.
The magic dart hits you.
* * * LOW HITPOINT WARNING * * *
You barely miss Natasha. Your headbutt misses Natasha.
Natasha zaps a wand.
The roots erupt in riotous growth!
The grasping roots grab you!
Natasha is unaffected.
The grasping roots constrict you.
* * * LOW HITPOINT WARNING * * *
You miss Natasha. Natasha claws you but does no damage.
The grasping roots constrict you.
* * * LOW HITPOINT WARNING * * *
You closely miss Natasha. You headbutt Natasha.
Natasha is heavily wounded.
Natasha barely misses you. The grasping roots constrict you.
You die...

#.............
.......##.............
.......# .............
.......# #..........
.......# #..........
.......# #...†.#
.......####†....#
...............#########
.........†......@......#
..........)....h######.#
##.####...†.....# #..#
#.........#
###.###.........#
................#
.##..##........[#
.###............#
.######.....###.#


You could see Natasha.

Vanquished Creatures
  Jessica (D:2)
  Natasha (twice) (D:2)
  3 adders (D:2)
  7 ball pythons (D:1)
  7 bats
  5 endoplasms
  2 giant cockroaches
  3 goblins (D:1)
  4 hobgoblins
  3 quokkas (D:2)
  4 frilled lizards
  4 kobolds
  3 rats
48 creatures vanquished.

Notes
Turn   | Place    | Note
-------+----------+-------------------------------------------
     0 | D:1      | Juicyj the Minotaur Fighter began the quest for the Orb.
     0 | D:1      | Reached XP level 1. HP: 19/19 MP: 0/0
   284 | D:1      | Reached XP level 2. HP: 27/27 MP: 1/1
   918 | D:2      | Reached XP level 3. HP: 30/33 MP: 2/2
  1048 | D:2      | Noticed Natasha
  1055 | D:2      | Killed Natasha
  1141 | D:2      | Noticed Jessica
  1148 | D:2      | Killed Jessica
  1149 | D:2      | Reached XP level 4. HP: 32/41 MP: 3/3
  1149 | D:2      | Noticed Natasha
  1159 | D:2      | Killed Natasha
  1173 | D:2      | Reached XP level 5. HP: 12/47 MP: 4/4
  1185 | D:2      | Noticed Natasha
  1194 | D:2      | HP: 1/47 [constriction (6)]
  1195 | D:2      | Constricted to death by Natasha

Illustrated notes

Levels and vault maps discovered:
D:1:      nagdon_arrival_zigzag_paths, layout_basic,
          chequers_hall_statues_corner_a
D:2:      layout_basic, basic_altar, uniq_jessica, uniq_natasha

Skill      XL: |  1  2  3 |
---------------+----------+-----
Shields        | 4 |  4.7
Armour         | 4 |  4.7
Fighting       | 4 |  4.6
Axes           | 3 |  3.7

Action                     |  1- 3 |  4- 6 || total
---------------------------+-------+-------++-------
  Melee: War axe           |    79 |    19 ||    98
         Headbutt          |     6 |     3 ||     9
 Armour: Scale mail        |    44 |     8 ||    52
  Dodge: Dodged            |    49 |    15 ||    64
  Block: Buckler           |    30 |     2 ||    32

Table legend: (Time is in decaauts)
 A = Elapsed time spent in this place.
 B = Non-inter-level travel time spent in this place.
 C = Inter-level travel time spent in this place.
 D = Time resting spent in this place.
 E = Time spent auto-exploring this place.
 F = Levels seen in this place.
 G = Mean time per level.
                   A        B        C        D        E       F      G
               +--------+--------+--------+--------+--------+-----+--------+
         Total |   1239 |   1210 |     29 |      0 |    956 |   2 |  619.5 |
       Dungeon |   1239 |   1210 |     29 |      0 |    956 |   2 |  619.5 |
               +--------+--------+--------+--------+--------+-----+--------+

Top non-repeatable levels by time:
     D:1: 850 daAuts
     D:2: 389 daAuts
